 Dungeon Crawl Stone Soup version 0.21-a0-417-g0adc95b (webtiles) character file.

11 HAL9000 the Sneak (level 2, 15/15 HPs)
             Began as a Vine Stalker Assassin on Nov 2, 2017.
             Quit the game on level 1 of the Dungeon on Nov 3, 2017.
             The game lasted 00:01:22 (298 turns).

HAL9000 the Sneak (Vine Stalker Assassin)            Turns: 298, Time: 00:01:23

Health: 15/15      AC:  3    Str: 13    XL:     2   Next: 29%
Magic:  3/3        EV: 11    Int: 11    God:
Gold:   28         SH:  0    Dex: 15    Spells: 1/1 levels left

rFire    . . .     SeeInvis .   a - +2 dagger
rCold    . . .     Gourm    .   (no shield)
rNeg     . . .     Faith    .   c - +0 robe
rPois    .         Spirit   +   (no helmet)
rElec    .         Reflect  .   d - +0 cloak
rCorr    .         Harm     .   (no gloves)
MR       .....                  (no boots)
Stlth    +++.......             (no amulet)
HPRegen  0.05/turn              (no ring)
MPRegen  0.08/turn              (no ring)

@: no status effects
A: fangs 2, magic shield, antimagic bite, no potion heal 3, rot immunity
a: no special abilities


You were on level 1 of the Dungeon.
You were not hungry.

You visited 1 branch of the dungeon, and saw 1 of its levels.

You collected 28 gold pieces.

Inventory:

Hand Weapons
 a - a +2 dagger (weapon)
 b - a +0 blowgun
Missiles
 e - 8 poisoned needles
 f - 2 curare-tipped needles
Armour
 c - a +0 robe (worn)
 d - a +0 cloak (worn)
Scrolls
 i - a scroll of random uselessness {unknown}
Potions
 h - a potion of curing {unknown}
Comestibles
 g - a bread ration
 j - 4 chunks of flesh


   Skills:
 - Level 1.7 Fighting
 + Level 2.6 Short Blades
 - Level 1.7 Throwing
 - Level 0.7 Dodging
 - Level 4.8 Stealth


You had one spell level left.
You didn't know any spells.

Dungeon Overview and Level Annotations

Branches:
Dungeon (1/15)

Altars:


Innate Abilities, Weirdness & Mutations

You have extremely sharp teeth.
When hurt, damage is shared between your health and your magic reserves.
Your bite disrupts and absorbs the magic of your enemies.
Potions cannot restore your health.
You are immune to rotting.


Message History

You butcher the hobgoblin corpse.
j - 4 chunks of flesh
Things that are here:
a club; a hobgoblin skeleton There isn't anything to butcher here.
Unknown command.
You start resting.
You hear a distant "Zot"! x4
You start resting.
You hear a distant "Zot"!
HP restored.
You start waiting.
A goblin comes into view. It is wielding a club.
A goblin is nearby!
A goblin is nearby!
A goblin is nearby!
A goblin is nearby!
Welcome back, HAL9000 the Vine Stalker Assassin.
Press ? for a list of commands and other information.
Are you sure you want to abandon this character and quit the game? (Confirm with "yes".)

#### .g. ### ##.##.###
#...(...# #.......#
#...)...# .#
#....@..#### #.#
#......(..... ..#
#.......##### #.#
#.......# #####.#
####...## ......##
##.....##
##....###...†...##
#####..†..##.........#
...........'.........+


You could see a goblin (wandering).

Vanquished Creatures
  2 dart slugs (D:1)
  A bat (D:1)
  A giant cockroach (D:1)
  2 hobgoblins (D:1)
  A frilled lizard (D:1)
7 creatures vanquished.

Notes
Turn   | Place    | Note
-------+----------+-------------------------------------------
     0 | D:1      | HAL9000 the Vine Stalker Assassin began the quest for the Orb.
     0 | D:1      | Reached XP level 1. HP: 11/11 MP: 2/2
   138 | D:1      | Reached XP level 2. HP: 15/15 MP: 3/3
   298 | D:1      | Upgraded the game from 0.21-a0-414-gba8bdf1 to 0.21-a0-417-g0adc95b
   298 | D:1      | Quit the game

Vault maps used:
D:1:      evilmike_arrival_sounds_zot, item_on_display_a

Skill      XL: |  1 |
---------------+----+-----
Short Blades   | 2 |  2.6
Fighting       | |  1.7
Throwing       | |  1.7
Dodging        | |  0.7
Stealth        | |  4.8

Action                   || total
-------------------------++-------
Melee: Dagger            ||    12
       Bite              ||     2
 Stab: Sleeping          ||     5

Table legend:
 A = Spawn XP
 B = Non-spawn XP
 C = Spawn XP percentage of total XP
 D = Spawn monster count
 E = Non-spawn monster count
 F = Spawn count percentage of total count
 G = Total turns spent on level
                    A         B        C        D         E        F      G
               +---------+---------+-------+---------+---------+-------+---------
         Total |       0 |      17 |   0.0 |       0 |       7 |   0.0 |   298
               +---------+---------+-------+---------+---------+-------+---------
           D:1 |       0 |      17 |   0.0 |       0 |       7 |   0.0 |   298
               +---------+---------+-------+---------+---------+-------+---------
